Unix NetHack Version 5.0.0-0 post-release - last build Jun 10 2026 00:39:30 (3ee93aec679c4c4259841fe613dc97188e26a321,branch:main).

Game began 2026-06-15 14:39:22, ended 2026-06-16 21:10:55.

Fletchius, lawful female dwarven Archeologist

   -------
   |<....|             ##
   |.....-##############---
   |.....|# ###        #|.|
   |.....|            ##-.+             |
   -------             #|.-----+-    ...----+---|----   |
                        |...............................|
                        |.--|- ............--+----+--   |
                        |.| .|   .........{|
                        |.|..|     ........|
                        |.----    .........|
                        |.............{....|
                        |.-------+------- --
                        |.|.+!*|
                        |.|.m%[|
                        |(-@@.?|
                        |.------
                        |.
                        ---

Fletchius the Field Worker  St:18 Dx:11 Co:12 In:12 Wi:16 Ch:8  Lawful
Dlvl:8  $:1127 HP:0(42) Pw:15(15) AC:9  Xp:4 T:2209 

Latest messages:
 You hear an animal carcass being offered in sacrifice.
 The watchman drinks a dark potion!
 The watchman rises up, through the ceiling!
 Call a dark potion: gain level
 You see a door open.
 The door opens.
 You hear a door open.
 You hear someone cursing shoplifters.
 You hear a chugging sound.
 The door opens.
 "Hello, Fletchius!  Welcome to Matagami's general store!"
 "Will you please leave your pick-axe outside?"
 What do you want to drop? [$a-moq-suvxyAB or ?*] h
 You drop an empty uncursed sack.
 h - an empty uncursed sack.
 What do you want to drop? [$a-moq-suvxyAB or ?*] e
 You drop a +0 pick-axe.
 You hear a door open.
 You hear a D note squeak in the distance.
 "Hello, Fletchius!  Welcome again to Matagami's general store!"
 You see here a scroll of teleportation (for sale, 133 zorkmids).
 You see here a scroll labeled HACKEM MUCHE (for sale, 107 zorkmids).
 "For you, esteemed lady; only 107 zorkmids for this scroll labeled HACKEM MUCHE."
 You decipher the label on Matagami's scroll labeled HACKEM MUCHE.
 D - a scroll of remove curse (unpaid, 107 zorkmids).
 What do you want to drop? [$a-df-moq-suvxyABD or ?*] D
 You drop a scroll of remove curse (unpaid, 107 zorkmids).
 You see here an egg (for sale, 12 zorkmids).
 You see here a scroll of teleportation (for sale, 133 zorkmids).
 That octagonal amulet is a giant mimic!
 What do you want to take off? [bc or ?*] ?
 What do you want to take off? [bc or ?*] <space>
 Never mind.
 What do you want to zap? [vB or ?*] ?
 In what direction? h
 You are released by the giant mimic.
 You see here an egg (for sale, 12 zorkmids).
 You see here a thin spellbook (for sale, 133 zorkmids).
 The giant mimic hits!
 The giant mimic hits again!
 What do you want to zap? [vB or ?*] v
 In what direction? l
 You are released by the giant mimic.
 You see here a scroll of teleportation (for sale, 133 zorkmids).
 The giant mimic hits!
 The giant mimic hits again!
 You die...
 Matagami gratefully inherits all your possessions.
 Do you want to see what you had when you died? [ynq] (y) y
 Do you want to see your attributes? [ynq] (y) q

Inventory:
 Coins    ('$')
  $ - 1127 gold pieces
 Weapons  (')')
  a - a +2 bullwhip (alternate weapon; not wielded)
 Armor    ('[')
  c - an uncursed burnt +0 fedora (being worn)
  b - an uncursed +0 leather jacket (being worn)
 Comestibles  ('%')
  d - 5 uncursed food rations
  A - an uncursed fortune cookie
  k - 2 uncursed sprigs of wolfsbane
 Scrolls  ('?')
  r - a blessed scroll of enchant armor
  x - an uncursed scroll of fire
  j - an uncursed scroll of light
 Spellbooks  ('+')
  l - an uncursed spellbook of magic mapping
  y - an uncursed spellbook of remove curse
  o - an uncursed spellbook of sleep
 Rings    ('=')
  m - an uncursed +2 ring of increase accuracy (on left hand)
 Wands    ('/')
  v - a wand of opening (0:4)
  B - a wand of secret door detection (0:12)
 Tools    ('(')
  h - an empty uncursed sack
  i - an uncursed oil lamp
  s - an uncursed skeleton key
  q - an uncursed tin whistle
  f - a tinning kit (0:92)
 Gems/Stones  ('*')
  u - an uncursed citrine stone
  g - an uncursed touchstone

Fletchius the Archeologist's attributes:

Background:
 You were a Field Worker, a level 4 female dwarven Archeologist.
 You were lawful, on a mission for Quetzalcoatl
 who was opposed by Camaxtli (neutral) and Huhetotl (chaotic).
 You were right-handed.
 You were in the Gnomish Mines, on level 8.
 You entered the dungeon 2209 turns ago.
 There was a new moon in effect when your adventure ended.
 You had 86 experience points, 74 more were needed to attain level 5.

Basics:
 You had 0 out of 42 hit points.
 You had all 15 energy points (spell power).
 Your armor class was 9.
 Your wallet contained 1127 zorkmids.
 Autopickup was off.

Final Characteristics:
 Your strength was 18 (limit:18/100).
 Your dexterity was 11 (limit:20).
 Your constitution was 12 (limit:20).
 Your intelligence was 12 (limit:16).
 Your wisdom was 16 (limit:16).
 Your charisma was 8 (limit:16).

Final Status:
 You were held by a giant mimic (north).
 You weren't hungry.
 You were unencumbered.
 You were bare handed.
 You were unskilled in bare handed combat.

Final Attributes:
 You were devoutly aligned.
 You had automatic searching.
 You had infravision.
 You had a small bonus to hit (+2).
 You were lucky.
 You are dead.

Miscellaneous:
 You didn't encounter any bones levels.
 Total elapsed playing time was 3 hours, 4 minutes and 47 seconds.

Major events:
 Turn
    1: Fletchius the lawful female dwarven Archeologist entered the dungeon
 1597: attained the rank of Field Worker (level 3)
 1724: entered the Gnomish Mines
 2172: reached Mine Town
 2209: killed by a giant mimic

Spells:
 Name                 Level Category     Fail Retention
 remove curse           3   clerical     100%  76%-100%
 magic mapping          5   divination   100%  76%-100%
 sleep                  3   enchantment  100%  76%-100%

Skills:
 Fighting Skills
   bare handed combat [Unskilled]
   two weapon combat  [Unskilled]
   riding             [Unskilled]
 Weapon Skills
   dagger             [Unskilled]
   knife              [Unskilled]
   pick-axe           [Basic]
   short sword        [Unskilled]
   saber              [Unskilled]
   club               [Unskilled]
   quarterstaff       [Unskilled]
   sling              [Unskilled]
   dart               [Unskilled]
   boomerang          [Unskilled]
   whip               [Basic]
   unicorn horn       [Unskilled]
 Spellcasting Skills
   attack spells      [Unskilled]
   healing spells     [Unskilled]
   divination spells  [Unskilled]
   matter spells      [Unskilled]

Voluntary challenges:
 Character rerolling was not enabled.
 You never genocided any monsters.
 You never polymorphed an object.
 You never changed form.
 You used no wishes.
Achievements:
 You entered a shop.
 You attained the rank of Field Worker.
 You entered the Gnomish Mines.
 You entered Minetown.

 The Dungeons of Doom: levels 1 to 5
    Level 1:
       An altar, many fountains.
    Level 2:
       A ring shop.
    Level 3:
       A fountain, some sinks.
    Level 4:
       A potion shop.
       Stairs down to The Gnomish Mines.
    Level 5:
 The Gnomish Mines: levels 5 to 8
    Level 5:
    Level 6:
    Level 7:
    Level 8: <- You were here.
       A general store, some fountains.
       Final resting place for
          you, killed by a giant mimic.


Vanquished creatures:
  a shrieker
  2 giant ants
  2 giant bats
  a wererat
  a coyote
  a hobbit
  a green mold
  a gnome
  a gecko
  6 jackals
  a grid bug
  a lichen
  5 newts
24 creatures vanquished.

No species were genocided or became extinct.

Game over:
                       ----------
                      /          \
                     /    REST    \
                    /      IN      \
                   /     PEACE      \
                  /                  \
                  |    Fletchius     |
                  |       0 Au       |
                  |   killed by a    |
                  |   giant mimic    |
                  |                  |
                  |                  |
                  |       2026       |
                 *|     *  *  *      | *
        _________)/\\_//(\/(/\)/\//\/|_)_______

Goodbye Fletchius the Archeologist...

You died in The Gnomish Mines on dungeon level 8 with 724 points,
and 0 pieces of gold, after 2209 moves.
You were level 4 with a maximum of 42 hit points when you died.

